 Dungeon Crawl Stone Soup version 0.30.1-11-g7821555f0a (webtiles) character file.

Game seed: 12609972635236183979

7 comborobin the Sneak (level 1, -1/11 HPs)
             Began as a Spriggan Delver on Dec 4, 2023.
             Slain by a gnoll
             ... wielding a +0 flail
             ... led by a gnoll sergeant
              (3 damage)
             ... on level 6 of the Dungeon.
             The game lasted 00:00:21 (81 turns).

comborobin the Sneak (Spriggan Delver)                Turns: 81, Time: 00:00:22

Health: -1/11      AC:  2    Str:  8    XL:     1   Next: 91%
Magic:  2/2        EV: 17    Int: 11    God:
Gold:   13         SH:  0    Dex: 16    Spells: 0/0 levels left

rFire   . . .        a - +0 short sword
rCold   . . .        (no shield)
rNeg    . . .        b - +0 robe
rPois   .            (helmet restricted)
rElec   .            (no cloak)
rCorr   .            (gloves unavailable)
SInv    +            (boots unavailable)
Will    .....        (no amulet)
Stlth   ++++         (no ring)
HPRegen 0.21/turn    (no ring)
MPRegen 0.08/turn

%: no passive effects
@: very quick
A: very small, no large weapons, unfitting armour, see invisible, speed 3
a: no special abilities


You were on level 6 of the Dungeon.
You visited 1 branch of the dungeon, and saw 3 of its levels.

You collected 13 gold pieces.

Inventory:

Hand Weapons
 a - a +0 short sword (weapon)
Armour
 b - a +0 robe (worn)
Wands
 g - a wand of digging (3)
Scrolls
 c - a scroll of fog
 d - a scroll of magic mapping
 e - a scroll of fear
 h - a scroll of identify {unknown}
Potions
 f - a potion of haste
 i - a potion of invisibility {unknown}


   Skills:
 - Level 2.4 Fighting
 + Level 2.5 Short Blades
 + Level 3.0 Dodging
 + Level 7.4 Stealth


You couldn't memorise any spells.
You didn't know any spells.
Your spell library was empty.

Dungeon Overview and Level Annotations

Branches:
Dungeon (7/15)
 Temple: D:4-7

Altars:


Innate Abilities, Weirdness & Mutations

You are very small and have problems with some larger weapons.
You are too small for most types of armour.
You have supernaturally acute eyesight. (SInv)
You cover ground extremely quickly. (Speed+++)


Message History

There is a stone staircase leading down here.
There is a stone staircase leading down here.
You climb downwards.
Found 13 gold pieces.
There is a stone staircase leading up here.
The helpless shadow imp fails to defend itself.
You impale the shadow imp!!
You kill the shadow imp!
Your Dodging skill increases to level 3!
Found a stone staircase leading down.
You now have 13 gold pieces.
h - a scroll labelled ICSUNTA IRIPLU
Found a stone staircase leading up.
Found an escape hatch in the floor.
Found a war axe and a robe.
There is an escape hatch in the floor here.
You slide downwards.
The hatch slams shut behind you.
You hear the hiss of flowing sand.
There is an entrance to an ossuary on this level.
Hurry and find it before the portal is buried!
Unknown command.
Okay, then.
You open the door.
There is an open door here.
There's nothing to close nearby.
You close the door.
A phantom breaks down the door.
Found a smoky golden potion.
i - a smoky golden potion
There are no items here.
Found a stone staircase leading up.
An ogre comes into view. It is wielding a +0 giant club.
The ogre closely misses you.
There is a stone staircase leading up here.
You climb upwards.
The gnoll shouts! x3; You hear a shout!
The gnoll hits you with a +0 spear!
Ouch! That really hurt!
* * * LOW HITPOINT WARNING * * *
The gnoll hits you with a +0 flail.
You die...

# # #. .# #.. ##.
#... .. #......
.# #.....##g#
##......@.#
#.......#gg...#
##.......####....
#.####........#
...
#.............# .
#........#
#........# ##
#........# ...
#........###


You could see 3 gnolls.

Vanquished Creatures
  A shadow imp (D:6)
1 creature vanquished.

Notes
Turn   | Place    | Note
-------+----------+-------------------------------------------
     0 | D:5      | comborobin the Spriggan Delver began the quest for the Orb.
     0 | D:5      | Reached XP level 1. HP: 11/11 MP: 2/2
    43 | D:7      | Noticed a phantom
    76 | D:7      | Noticed an ogre
    81 | D:6      | Slain by a gnoll

Illustrated notes

Levels and vault maps discovered:
D:5:      layout_gridville, overflow_temple_1_default
D:6:      layout_loops_cross, minivault_11
D:7:      layout_loops_corners, lemuel_temple_firewalk_b,
          gup_ossuary_entry_pyramid

Skill      XL: |  1 |
---------------+----+-----
Dodging        | 3 |  3.0
Fighting       | |  2.4
Short Blades   | |  2.5
Stealth        | |  7.4

Action                     || total
---------------------------++-------
  Melee: Short sword       ||     1
   Stab: Sleeping          ||     1
  Dodge: Dodged            ||     1
